Las Vegas Wranglers vs Rochester Americans

Created - 15 mars 2018 at 18:12

Goals
1 2 3 T
Las Vegas Wranglers 4 0 1 5
Rochester Americans 0 2 1 3
Shots
1 2 3 T
Las Vegas Wranglers 17 8 11 36
Rochester Americans 11 16 10 37

1st period

1. Las Vegas Wranglers , Nikita Soshnikov 34 (Vladislav Kamenev 76) at 7:54 (PP)
2. Las Vegas Wranglers , Matthew Ford 22 (Justin Auger 22, Cody Bass 8) at 16:15
3. Las Vegas Wranglers , Jimmy Hayes 31 (Nikita Soshnikov 50, Vladislav Kamenev 77) at 18:38 (PP)
4. Las Vegas Wranglers , Vladislav Kamenev 44 (Jimmy Hayes 42) at 18:53

Penalties :
Tim Bozon (AMR) for Holding (Minor) at 2:49, Andreas Martinsen (AMR) for Tripping (Minor) at 7:36, Michael Chaput (AMR) for Tripping (Minor) at 18:33, Brett Lernout (AMR) for Fighting (Major) at 19:16, Vladislav Kamenev (WRA) for Fighting (Major) at 19:16

2nd period

5. Rochester Americans , Seth Griffith 30 (Michael Chaput 35, Tyler Bertuzzi 32) at 9:49 (PP)
6. Rochester Americans , Andreas Martinsen 21 (Peter Holland 61) at 17:24

Penalties :
Ben Holmstrom (WRA) for Holding (Minor) at 8:19, Keaton Thompson (AMR) for Boarding (Minor) at 10:55

3rd period

7. Las Vegas Wranglers , Carl Dahlstrom 4 (Zac Rinaldo 13, Matthew Ford 17) at 1:02
8. Rochester Americans , Luke Kunin 19 (Peter Holland 62, Dominik Masin 4) at 14:12

Penalties :
Andreas Martinsen (AMR) for Hooking (Minor) at 5:59, Dominik Masin (AMR) for Roughing (Minor) at 17:49

Goalie Stats

Linus Ullmark (WRA), 34 saves from 37 shots - (0,919), W, 6-9-2, 60:00 minutes
David Rittich (AMR), 13 saves from 17 shots - (0,765), L, 37-19-7, 18:53 minutes
Andrew Hammond (AMR), 18 saves from 19 shots - (0,947), 41:07 minutes

Players Stats for Las Vegas Wranglers

Player Name              G  A  P  +/- PIM S  H  SB GA TA FO     MP     PP MP  PK MP  
------------------------------------------------------------------------------------
Ben Holmstrom            0  0  0   0  2   0  2  0  0  1  2/6    11:29   0:10   0:00 
Carl Dahlstrom           1  0  1   3  0   6  3  3  1  1  0/0    27:54   4:53   0:47 
Chris Casto              0  0  0   0  0   0  0  1  0  1  0/0    20:24   3:26   0:43 
Cody Bass                0  1  1  -1  0   1  1  0  0  0  1/4     8:38   0:00   0:00 
Dillon Heatherington     0  0  0  -2  0   0  0  0  0  0  0/0    11:42   0:00   0:00 
Emerson Etem             0  0  0  -1  0   0  0  0  0  0  0/0     8:38   0:00   0:00 
Jimmy Hayes              1  1  2   1  0   6  2  0  1  1  0/1    21:14   4:19   0:19 
Joel Hanley              0  0  0   0  0   0  1  0  0  1  0/0    20:24   3:26   0:43 
Joel Vermin              0  0  0   0  0   0  2  0  1  0  1/3    13:25   0:16   0:00 
Justin Auger             0  1  1   1  0   2  3  0  1  0  0/0    17:27   3:50   0:00 
Korbinian Holzer         0  0  0   3  0   2  2  2  2  2  0/0    27:54   4:53   0:47 
Matthew Ford             1  1  2   1  0   6  4  0  1  0  0/0    17:46   3:50   0:19 
Nikita Soshnikov         1  1  2   1  0   3  0  0  1  2  1/3    21:53   4:19   0:58 
Nikolay Goldobin         0  0  0   0  0   1  0  1  1  0  0/1    11:43   0:10   0:13 
Peter Stoykewych         0  0  0  -2  0   0  1  0  0  0  0/0    11:42   0:00   0:00 
Tage Thompson            0  0  0  -1  0   0  1  1  1  0  0/0     8:38   0:00   0:00 
Vladislav Kamenev        1  2  3   1  5   6  1  2  0  0  19/36  20:03   4:19   0:58 
Zac Rinaldo              0  1  1   1  0   3  0  1  0  1  7/12   17:34   3:44   0:13 

Players Stats for Rochester Americans

Player Name              G  A  P  +/- PIM S  H  SB GA TA FO     MP     PP MP  PK MP  
------------------------------------------------------------------------------------
Adam Tambellini          0  0  0   0  0   5  1  0  0  0  0/0     8:32   0:00   2:14 
Alex Broadhurst          0  0  0   0  0   0  0  0  0  0  0/0     2:01   0:00   0:00 
Andreas Martinsen        1  0  1   0  4   2  3  0  0  1  1/2    19:15   0:39   2:20 
Anton Blidh              0  0  0   1  0   0  1  0  0  2  0/0    12:52   0:00   0:00 
Austin Carroll           0  0  0   1  0   1  2  0  1  1  0/1    12:52   0:00   0:00 
Brett Lernout            0  0  0  -1  5   0  0  2  0  1  0/0    25:00   0:27   5:08 
Brock McGinn             0  0  0   0  0   7  1  1  2  1  2/8    25:09   0:39   4:27 
Dominik Masin            0  1  1   2  2   0  0  0  0  1  0/0    14:28   0:00   0:00 
Keaton Thompson          0  0  0   2  2   0  0  0  0  1  0/0    11:50   0:00   0:00 
Luke Kunin               1  0  1   1  0   4  1  0  2  0  3/11   12:52   0:00   0:00 
Markus Nutivaara         0  0  0  -2  0   0  4  0  1  0  0/0    20:41   1:03   3:11 
Michael Chaput           0  1  1  -2  2   4  1  0  2  0  8/17   17:58   0:51   2:09 
Peter Holland            0  2  2   0  0   3  2  2  0  0  18/23  21:08   0:39   4:27 
Philip Samuelsson        0  0  0  -2  0   0  3  0  0  0  0/0    20:41   1:03   3:11 
Seth Griffith            1  0  1  -2  0   7  2  0  1  0  2/2    15:50   0:51   0:00 
Steven Kampfer           0  0  0  -1  0   2  2  2  0  1  0/0    27:28   0:27   5:08 
Tim Bozon                0  0  0   0  2   1  1  0  1  0  1/1     6:06   0:00   0:00 
Tyler Bertuzzi           0  1  1  -2  0   1  1  2  0  1  0/1    16:51   0:51   1:01 

3 Stars

1 - Carl Dahlstrom (WRA)
2 - Matthew Ford (WRA)
3 - Jimmy Hayes (WRA)

Power Play

Las Vegas Wranglers - 2 on 6 Attempt(s) - 33,33%
Rochester Americans - 1 on 1 Attempt(s) - 100,00%

Penalty Kill

Las Vegas Wranglers - 0 on 1 Attempt(s) - 0,00% - Score 0 goal in Penalty Kill
Rochester Americans - 4 on 6 Attempt(s) - 66,67% - Score 0 goal in Penalty Kill

Team Stat

Las Vegas Wranglers - Hits : 23 - Faceoff Wins : 31 - Blocked Shots : 11 - Penalty Minutes : 7
Rochester Americans - Hits : 25 - Faceoff Wins : 35 - Blocked Shots : 9 - Penalty Minutes : 17

Official

Referees : Dean Morton and Tim Peel
Linesman : Brad Kovachik and Mike Cvik

Game Notes

Andrew Hammond enters game at 18:53 of 1st period
Vladislav Kamenev beats up Brett Lernout at 19:16 of 1st period

Finance

Level 1 -- Attendance: 1538 (76,90%) -- Ticket Income 53 830 $
Level 2 -- Attendance: 805 (80,50%) -- Ticket Income 12 075 $
Total Attendance: 2343 (78,10%)
Total Ticket Income: 65 905 $
Other Income: 32 293 $
Total Income: 98 198 $

Las Vegas Wranglers

5 vs 5 Forward 
   Center                   Left Wing                Right Wing               Time % Phy DF OF 
 1 Vladislav Kamenev        Nikita Soshnikov         Jimmy Hayes              40     1   2  2  
 2 Zac Rinaldo              Justin Auger             Matthew Ford             30     1   2  2  
 3 Ben Holmstrom            Nikolay Goldobin         Joel Vermin              20     1   2  2  
 4 Cody Bass                Emerson Etem             Tage Thompson            10     1   2  2  

5 vs 5 Defense 
   Defense                  Defense                                           Time % Phy DF OF 
 1 Korbinian Holzer         Carl Dahlstrom                                    40     1   2  2  
 2 Chris Casto              Joel Hanley                                       30     1   2  2  
 3 Peter Stoykewych         Dillon Heatherington                              20     1   2  2  
 4 Korbinian Holzer         Carl Dahlstrom                                    10     1   2  2  

PowerPlay Forward 
   Center                   Left Wing                Right Wing               Time % Phy DF OF 
 1 Vladislav Kamenev        Nikita Soshnikov         Jimmy Hayes              60     1   2  2  
 2 Zac Rinaldo              Justin Auger             Matthew Ford             40     1   2  2  

PowerPlay Defense
   Defense                  Defense                                           Time % Phy DF OF 
 1 Korbinian Holzer         Carl Dahlstrom                                    60     1   2  2  
 2 Chris Casto              Joel Hanley                                       40     1   2  2  

Penalty Kill 4 Players Forward 
   Center                   Wing                     Time % Phy DF OF 
 1 Nikita Soshnikov         Vladislav Kamenev        60     1   2  2  
 2 Jimmy Hayes              Matthew Ford             40     1   2  2  

Penalty Kill 4 Players Defense
   Defense                  Defense                  Time % Phy DF OF 
 1 Korbinian Holzer         Carl Dahlstrom           60     1   2  2  
 2 Chris Casto              Joel Hanley              40     1   2  2  

Penalty Kill - 3 Players Forward 
   Forward                                           Time % Phy DF OF 
 1 Nikita Soshnikov                                  60     1   2  2  
 2 Vladislav Kamenev                                 40     1   2  2  

Penalty Kill - 3 Players Defense
   Defense                  Defense                  Time % Phy DF OF 
 1 Korbinian Holzer         Carl Dahlstrom           60     1   2  2  
 2 Chris Casto              Joel Hanley              40     1   2  2  

4 vs 4 Forward 
   Center                   Wing                     Time % Phy DF OF 
 1 Nikita Soshnikov         Vladislav Kamenev        60     1   2  2  
 2 Jimmy Hayes              Matthew Ford             40     1   2  2  

4 vs 4 Defense
   Defense                  Defense                  Time % Phy DF OF 
 1 Korbinian Holzer         Carl Dahlstrom           60     1   2  2  
 2 Chris Casto              Joel Hanley              40     1   2  2  

Last Minutes Offensive
   Center                   Left Wing                Right Wing               Defense                  Defense                  
   Vladislav Kamenev        Nikita Soshnikov         Jimmy Hayes              Korbinian Holzer         Carl Dahlstrom           

Last Minutes Defensive
   Center                   Left Wing                Right Wing               Defense                  Defense                  
   Vladislav Kamenev        Nikita Soshnikov         Jimmy Hayes              Korbinian Holzer         Carl Dahlstrom           

Goaltenders
Starting : Linus Ullmark            
Backup : Unknown Goalie           

Extra Forwards
Normal : Joel Vermin, Nikolay Goldobin, Ben Holmstrom - PP : Joel Vermin, Nikolay Goldobin - PK : Ben Holmstrom
Extra Defensemen
Normal : Peter Stoykewych, Dillon Heatherington, Chris Casto - PP : Peter Stoykewych - PK : Dillon Heatherington, Chris Casto
Penalty Shots
Nikita Soshnikov, Vladislav Kamenev, Jimmy Hayes, Matthew Ford, Justin Auger

Scratches
Adam Clendening (Healthy), Paul LaDue (Healthy), Wacey Hamilton (Healthy), Robin Norell (Healthy), Kayle Doetzel (Healthy)
Adam Gilmour (Healthy), Tom Parisi (Healthy), Brad Thiessen (Healthy), Jared Coreau (Healthy)

Rochester Americans

5 vs 5 Forward 
   Center                   Left Wing                Right Wing               Time % Phy DF OF 
 1 Peter Holland            Brock McGinn             Andreas Martinsen        40     1   2  2  
 2 Michael Chaput           Tyler Bertuzzi           Seth Griffith            30     1   2  2  
 3 Luke Kunin               Anton Blidh              Austin Carroll           20     1   2  2  
 4 Adam Tambellini          Tim Bozon                Brock McGinn             10     1   2  2  

5 vs 5 Defense 
   Defense                  Defense                                           Time % Phy DF OF 
 1 Steven Kampfer           Brett Lernout                                     40     1   2  2  
 2 Markus Nutivaara         Philip Samuelsson                                 30     1   2  2  
 3 Dominik Masin            Keaton Thompson                                   20     1   2  2  
 4 Steven Kampfer           Brett Lernout                                     10     1   2  2  

PowerPlay Forward 
   Center                   Left Wing                Right Wing               Time % Phy DF OF 
 1 Peter Holland            Brock McGinn             Andreas Martinsen        60     1   2  2  
 2 Michael Chaput           Tyler Bertuzzi           Seth Griffith            40     1   2  2  

PowerPlay Defense
   Defense                  Defense                                           Time % Phy DF OF 
 1 Steven Kampfer           Brett Lernout                                     60     1   2  2  
 2 Markus Nutivaara         Philip Samuelsson                                 40     1   2  2  

Penalty Kill 4 Players Forward 
   Center                   Wing                     Time % Phy DF OF 
 1 Brock McGinn             Peter Holland            60     1   2  2  
 2 Michael Chaput           Andreas Martinsen        40     1   2  2  

Penalty Kill 4 Players Defense
   Defense                  Defense                  Time % Phy DF OF 
 1 Steven Kampfer           Brett Lernout            60     1   2  2  
 2 Markus Nutivaara         Philip Samuelsson        40     1   2  2  

Penalty Kill - 3 Players Forward 
   Forward                                           Time % Phy DF OF 
 1 Brock McGinn                                      60     1   2  2  
 2 Peter Holland                                     40     1   2  2  

Penalty Kill - 3 Players Defense
   Defense                  Defense                  Time % Phy DF OF 
 1 Steven Kampfer           Brett Lernout            60     1   2  2  
 2 Markus Nutivaara         Philip Samuelsson        40     1   2  2  

4 vs 4 Forward 
   Center                   Wing                     Time % Phy DF OF 
 1 Brock McGinn             Peter Holland            60     1   2  2  
 2 Michael Chaput           Andreas Martinsen        40     1   2  2  

4 vs 4 Defense
   Defense                  Defense                  Time % Phy DF OF 
 1 Steven Kampfer           Brett Lernout            60     1   2  2  
 2 Markus Nutivaara         Philip Samuelsson        40     1   2  2  

Last Minutes Offensive
   Center                   Left Wing                Right Wing               Defense                  Defense                  
   Peter Holland            Brock McGinn             Andreas Martinsen        Steven Kampfer           Brett Lernout            

Last Minutes Defensive
   Center                   Left Wing                Right Wing               Defense                  Defense                  
   Peter Holland            Brock McGinn             Andreas Martinsen        Steven Kampfer           Brett Lernout            

Goaltenders
Starting : David Rittich            
Backup : Andrew Hammond           

Extra Forwards
Normal : Alex Broadhurst, Luke Kunin, Adam Tambellini - PP : Alex Broadhurst, Luke Kunin - PK : Adam Tambellini
Extra Defensemen
Normal : Dominik Masin, Keaton Thompson, Markus Nutivaara - PP : Dominik Masin - PK : Keaton Thompson, Markus Nutivaara
Penalty Shots
Brock McGinn, Peter Holland, Michael Chaput, Andreas Martinsen, Tyler Bertuzzi

Scratches
Sam Jardine (Healthy), Jarred Tinordi (Healthy), Joe Morrow (Healthy), Linus Arnesson (Healthy), Mason Geertsen (Healthy)

% Time on Ice - Las Vegas Wranglers

Lines # - Real PCT - Wanted PCT - Time Play
Normal Forward
1 - 34% - 40% - 17:14
2 - 27% - 30% - 13:37
3 - 21% - 20% - 10:42
4 - 17% - 10% - 8:38
Normal Defense
1 - 39% - 40% - 19:20
2 - 32% - 30% - 16:15
3 - 23% - 20% - 11:42
4 - 6% - 10% - 2:54
PP Forward
1 - 54% - 60% - 4:29
2 - 46% - 40% - 3:50
PP Defense
1 - 59% - 60% - 4:53
2 - 41% - 40% - 3:26
PK Forward
1 - 79% - 60% - 1:11
2 - 21% - 40% - 0:19
PK Defense
1 - 52% - 60% - 0:47
2 - 48% - 40% - 0:43
PK3 Forward
1 - 0% - 60%
2 - 0% - 40%
PK3 Defense
1 - 0% - 60%
2 - 0% - 40%
44 Forward
1 - 0% - 60%
2 - 0% - 40%
44 Defense
1 - 0% - 60%
2 - 0% - 40%
Last Minute Offensive  - 0:00
Last Minute Defensive  - 0:00
Total
Forward - 60:00
Defense - 60:00

% Time on Ice - Rochester Americans

Lines # - Real PCT - Wanted PCT - Time Play
Normal Forward
1 - 32% - 40% - 16:18
2 - 30% - 30% - 14:59
3 - 26% - 20% - 12:52
4 - 12% - 10% - 6:02
Normal Defense
1 - 39% - 40% - 19:40
2 - 33% - 30% - 16:27
3 - 24% - 20% - 11:51
4 - 4% - 10% - 2:13
PP Forward
1 - 43% - 60% - 0:39
2 - 57% - 40% - 0:51
PP Defense
1 - 30% - 60% - 0:27
2 - 70% - 40% - 1:03
PK Forward
1 - 74% - 60% - 6:10
2 - 26% - 40% - 2:09
PK Defense
1 - 62% - 60% - 5:08
2 - 38% - 40% - 3:11
PK3 Forward
1 - 0% - 60%
2 - 0% - 40%
PK3 Defense
1 - 0% - 60%
2 - 0% - 40%
44 Forward
1 - 0% - 60%
2 - 0% - 40%
44 Defense
1 - 0% - 60%
2 - 0% - 40%
Last Minute Offensive  - 0:00
Last Minute Defensive  - 0:00
Total
Forward - 60:00
Defense - 60:00

Play by Play

1st period


0:01 of 1st period - Peter Holland wins face-off versus Vladislav Kamenev in neutral zone.
0:14 of 1st period - Wrist shot by Vladislav Kamenev.
0:14 of 1st period - Shot Misses the Net.
0:20 of 1st period - Vladislav Kamenev is hit by Steven Kampfer and loses puck.
1:03 of 1st period - Nikolay Goldobin is hit by Austin Carroll and loses puck.
1:13 of 1st period - Icing by Cody Bass.
1:14 of 1st period - Tim Bozon wins face-off versus Cody Bass in Las Vegas Wranglers zone.
1:23 of 1st period - Wrist shot by Brock McGinn.
1:23 of 1st period - Deflect By Adam Tambellini.
1:23 of 1st period - Stopped by Linus Ullmark without a rebound.
1:24 of 1st period - Vladislav Kamenev wins face-off versus Peter Holland in Las Vegas Wranglers zone.
1:24 of 1st period - Vladislav Kamenev is hit by Andreas Martinsen.
1:57 of 1st period - Snap shot by Seth Griffith.
1:57 of 1st period - Shot Misses the Net.
2:49 of 1st period - Minor Penalty to Tim Bozon for Holding.
2:50 of 1st period - Vladislav Kamenev wins face-off versus Brock McGinn in Rochester Americans zone.
4:11 of 1st period - Justin Auger is hit by Andreas Martinsen.
4:49 of 1st period - Penalty to Tim Bozon is over, Tim Bozon is back on ice.
4:53 of 1st period - Slapshot by Adam Tambellini.
4:53 of 1st period - Stopped by Linus Ullmark without a rebound.
4:54 of 1st period - Luke Kunin wins face-off versus Nikolay Goldobin in Las Vegas Wranglers zone.
5:21 of 1st period - Emerson Etem is hit by Tyler Bertuzzi and loses puck.
5:30 of 1st period - Wrist shot by Tyler Bertuzzi.
5:30 of 1st period - Shot Misses the Net.
6:05 of 1st period - Nikita Soshnikov is hit by Markus Nutivaara and loses puck.
6:53 of 1st period - Wrist shot by Adam Tambellini.
6:53 of 1st period - Stopped by Linus Ullmark with a rebound.
6:55 of 1st period - Wrist shot by Brock McGinn.
6:55 of 1st period - Stopped by Linus Ullmark with a rebound.
6:59 of 1st period - Snap shot by Adam Tambellini.
6:59 of 1st period - Stopped by Linus Ullmark with a rebound.
7:01 of 1st period - Wrist shot by Tim Bozon.
7:01 of 1st period - Shot Blocked by Carl Dahlstrom.
7:03 of 1st period - Snap shot by Tim Bozon.
7:03 of 1st period - Stopped by Linus Ullmark without a rebound.
7:04 of 1st period - Michael Chaput wins face-off versus Vladislav Kamenev in Las Vegas Wranglers zone.
7:19 of 1st period - Snap shot by Nikita Soshnikov.
7:19 of 1st period - Stopped by David Rittich without a rebound.
7:20 of 1st period - Zac Rinaldo wins face-off versus Luke Kunin in Rochester Americans zone.
7:21 of 1st period - Snap shot by Matthew Ford.
7:21 of 1st period - Stopped by David Rittich with a rebound.
7:23 of 1st period - Snap shot by Justin Auger.
7:23 of 1st period - Stopped by David Rittich without a rebound.
7:24 of 1st period - Zac Rinaldo wins face-off versus Austin Carroll in Rochester Americans zone.
7:27 of 1st period - Wrist shot by Matthew Ford.
7:27 of 1st period - Shot Misses the Net.
7:29 of 1st period - Wrist shot by Korbinian Holzer.
7:29 of 1st period - Deflect By Matthew Ford.
7:29 of 1st period - Stopped by David Rittich without a rebound.
7:30 of 1st period - Zac Rinaldo wins face-off versus Luke Kunin in Rochester Americans zone.
7:31 of 1st period - Wrist shot by Matthew Ford.
7:31 of 1st period - Stopped by David Rittich without a rebound.
7:32 of 1st period - Vladislav Kamenev wins face-off versus Peter Holland in Rochester Americans zone.
7:36 of 1st period - Minor Penalty to Andreas Martinsen for Tripping.
7:37 of 1st period - Brock McGinn wins face-off versus Vladislav Kamenev in Rochester Americans zone.
7:44 of 1st period - Icing by Vladislav Kamenev.
7:45 of 1st period - Vladislav Kamenev wins face-off versus Brock McGinn in Las Vegas Wranglers zone.
7:54 of 1st period - Wrist shot by Nikita Soshnikov.
7:54 of 1st period - Goal by Nikita Soshnikov - Las Vegas Wranglers : 1 - Rochester Americans : 0.
7:55 of 1st period - Peter Holland wins face-off versus Vladislav Kamenev in neutral zone.
8:49 of 1st period - Snap shot by Joel Vermin.
8:49 of 1st period - Shot Blocked by Brett Lernout.
9:09 of 1st period - Slapshot by Jimmy Hayes.
9:09 of 1st period - Shot Misses the Net.
9:17 of 1st period - Nikita Soshnikov is hit by Tim Bozon and loses puck.
9:54 of 1st period - Anton Blidh is hit by Matthew Ford and loses puck.
10:17 of 1st period - Slapshot by Nikolay Goldobin.
10:17 of 1st period - Deflect By Peter Holland.
10:17 of 1st period - Shot Blocked by Brock McGinn.
10:17 of 1st period - Puck is out of play.
10:18 of 1st period - Peter Holland wins face-off versus Ben Holmstrom in Rochester Americans zone.
11:02 of 1st period - Wrist shot by Cody Bass.
11:02 of 1st period - Shot Misses the Net.
11:22 of 1st period - Brett Lernout is hit by Ben Holmstrom and loses puck.
11:39 of 1st period - Snap shot by Luke Kunin.
11:39 of 1st period - Stopped by Linus Ullmark with a rebound.
11:45 of 1st period - Luke Kunin is hit by Jimmy Hayes and loses puck.
12:05 of 1st period - Anton Blidh is hit by Carl Dahlstrom and loses puck.
12:12 of 1st period - Snap shot by Luke Kunin.
12:12 of 1st period - Shot Blocked by Carl Dahlstrom.
12:30 of 1st period - Slapshot by Carl Dahlstrom.
12:30 of 1st period - Shot Misses the Net.
12:32 of 1st period - Snap shot by Korbinian Holzer.
12:32 of 1st period - Stopped by David Rittich with a rebound.
12:46 of 1st period - Snap shot by Jimmy Hayes.
12:46 of 1st period - Stopped by David Rittich without a rebound.
12:47 of 1st period - Vladislav Kamenev wins face-off versus Michael Chaput in Rochester Americans zone.
12:52 of 1st period - Wrist shot by Vladislav Kamenev.
12:52 of 1st period - Shot Blocked by Tyler Bertuzzi.
12:54 of 1st period - Wrist shot by Jimmy Hayes.
12:54 of 1st period - Stopped by David Rittich without a rebound.
12:55 of 1st period - Vladislav Kamenev wins face-off versus Michael Chaput in Rochester Americans zone.
13:08 of 1st period - Backhand shot by Tyler Bertuzzi.
13:08 of 1st period - Shot Misses the Net.
13:10 of 1st period - Slapshot by Philip Samuelsson.
13:10 of 1st period - Shot Blocked by Chris Casto.
13:20 of 1st period - Brock McGinn is hit by Matthew Ford and loses puck.
13:42 of 1st period - Tim Bozon is hit by Joel Vermin.
13:52 of 1st period - Tyler Bertuzzi is hit by Tage Thompson and loses puck.
16:13 of 1st period - Snap shot by Matthew Ford.
16:13 of 1st period - Shot Misses the Net.
16:15 of 1st period - Slapshot by Matthew Ford.
16:15 of 1st period - Goal by Matthew Ford - Las Vegas Wranglers : 2 - Rochester Americans : 0.
16:16 of 1st period - Peter Holland wins face-off versus Vladislav Kamenev in neutral zone.
16:42 of 1st period - Matthew Ford is hit by Seth Griffith and loses puck.
16:48 of 1st period - Off-side.
16:49 of 1st period - Michael Chaput wins face-off versus Zac Rinaldo in neutral zone.
16:55 of 1st period - Off-side.
16:56 of 1st period - Zac Rinaldo wins face-off versus Michael Chaput in neutral zone.
17:04 of 1st period - Justin Auger is hit by Philip Samuelsson and loses puck.
17:27 of 1st period - Snap shot by Peter Holland.
17:27 of 1st period - Stopped by Linus Ullmark without a rebound.
17:28 of 1st period - Vladislav Kamenev wins face-off versus Peter Holland in Las Vegas Wranglers zone.
17:33 of 1st period - Snap shot by Vladislav Kamenev.
17:33 of 1st period - Stopped by David Rittich without a rebound.
17:34 of 1st period - Peter Holland wins face-off versus Jimmy Hayes in Rochester Americans zone.
18:03 of 1st period - Wrist shot by Matthew Ford.
18:03 of 1st period - Stopped by David Rittich with a rebound.
18:13 of 1st period - Justin Auger is hit by Michael Chaput and loses puck.
18:22 of 1st period - Snap shot by Zac Rinaldo.
18:22 of 1st period - Stopped by David Rittich with a rebound.
18:24 of 1st period - Slapshot by Matthew Ford.
18:24 of 1st period - Shot Blocked by Tyler Bertuzzi.
18:33 of 1st period - Minor Penalty to Michael Chaput for Tripping.
18:34 of 1st period - Vladislav Kamenev wins face-off versus Brock McGinn in Rochester Americans zone.
18:36 of 1st period - Snap shot by Nikita Soshnikov.
18:36 of 1st period - Stopped by David Rittich with a rebound.
18:38 of 1st period - Wrist shot by Jimmy Hayes.
18:38 of 1st period - Goal by Jimmy Hayes - Las Vegas Wranglers : 3 - Rochester Americans : 0.
18:39 of 1st period - Peter Holland wins face-off versus Vladislav Kamenev in neutral zone.
18:44 of 1st period - Brock McGinn is hit by Carl Dahlstrom and loses puck.
18:51 of 1st period - Snap shot by Jimmy Hayes.
18:51 of 1st period - Stopped by David Rittich with a rebound.
18:53 of 1st period - Wrist shot by Vladislav Kamenev.
18:53 of 1st period - Goal by Vladislav Kamenev - Las Vegas Wranglers : 4 - Rochester Americans : 0.
18:53 of 1st period - Andrew Hammond enters game.
18:54 of 1st period - Peter Holland wins face-off versus Vladislav Kamenev in neutral zone.
19:07 of 1st period - Snap shot by Brock McGinn.
19:07 of 1st period - Stopped by Linus Ullmark without a rebound.
19:08 of 1st period - Peter Holland wins face-off versus Vladislav Kamenev in Las Vegas Wranglers zone.
19:16 of 1st period - Vladislav Kamenev beats up Brett Lernout.
19:16 of 1st period - Penalty to Brett Lernout for Fighting.
19:16 of 1st period - Penalty to Vladislav Kamenev for Fighting.
19:17 of 1st period - Peter Holland wins face-off versus Nikita Soshnikov in neutral zone.
19:24 of 1st period - Wrist shot by Andreas Martinsen.
19:24 of 1st period - Shot Misses the Net.
19:26 of 1st period - Snap shot by Andreas Martinsen.
19:26 of 1st period - Shot Misses the Net.
19:28 of 1st period - Wrist shot by Brock McGinn.
19:28 of 1st period - Stopped by Linus Ullmark with a rebound.
19:30 of 1st period - Wrist shot by Andreas Martinsen.
19:30 of 1st period - Shot Misses the Net.
19:42 of 1st period - Dominik Masin is hit by Matthew Ford and loses puck.
19:51 of 1st period - Snap shot by Seth Griffith.
19:51 of 1st period - Stopped by Linus Ullmark with a rebound.
Goals for this period are 4 for Las Vegas Wranglers vs 0 for Rochester Americans.
Shots for this period are 17 for Las Vegas Wranglers vs 11 for Rochester Americans.

2nd period


0:01 of 2nd period - Joel Vermin wins face-off versus Peter Holland in neutral zone.
0:25 of 2nd period - Peter Holland is hit by Cody Bass and loses puck.
0:48 of 2nd period - Snap shot by Peter Holland.
0:48 of 2nd period - Stopped by Linus Ullmark with a rebound.
0:52 of 2nd period - Snap shot by Andreas Martinsen.
0:52 of 2nd period - Shot Misses the Net.
0:54 of 2nd period - Wrist shot by Steven Kampfer.
0:54 of 2nd period - Deflect By Peter Holland.
0:54 of 2nd period - Stopped by Linus Ullmark without a rebound.
0:55 of 2nd period - Seth Griffith wins face-off versus Nikita Soshnikov in Las Vegas Wranglers zone.
1:25 of 2nd period - Snap shot by Luke Kunin.
1:25 of 2nd period - Shot Misses the Net.
1:27 of 2nd period - Snap shot by Austin Carroll.
1:27 of 2nd period - Stopped by Linus Ullmark with a rebound.
1:29 of 2nd period - Snap shot by Philip Samuelsson.
1:29 of 2nd period - Deflect By Anton Blidh.
1:29 of 2nd period - Shot Blocked by Carl Dahlstrom.
1:29 of 2nd period - Puck is out of play.
1:30 of 2nd period - Zac Rinaldo wins face-off versus Luke Kunin in Las Vegas Wranglers zone.
1:30 of 2nd period - Zac Rinaldo is hit by Steven Kampfer.
1:54 of 2nd period - Wrist shot by Luke Kunin.
1:54 of 2nd period - Stopped by Linus Ullmark without a rebound.
1:55 of 2nd period - Peter Holland wins face-off versus Joel Vermin in Las Vegas Wranglers zone.
1:58 of 2nd period - Wrist shot by Brock McGinn.
1:58 of 2nd period - Shot Misses the Net.
2:06 of 2nd period - Korbinian Holzer is hit by Peter Holland and loses puck.
2:33 of 2nd period - Snap shot by Michael Chaput.
2:33 of 2nd period - Stopped by Linus Ullmark with a rebound.
2:40 of 2nd period - Icing by Emerson Etem.
2:41 of 2nd period - Cody Bass wins face-off versus Luke Kunin in Las Vegas Wranglers zone.
3:02 of 2nd period - Snap shot by Carl Dahlstrom.
3:02 of 2nd period - Stopped by Andrew Hammond with a rebound.
3:36 of 2nd period - Slapshot by Adam Tambellini.
3:36 of 2nd period - Stopped by Linus Ullmark without a rebound.
3:37 of 2nd period - Luke Kunin wins face-off versus Joel Vermin in Las Vegas Wranglers zone.
3:44 of 2nd period - Jimmy Hayes is hit by Philip Samuelsson and loses puck.
4:03 of 2nd period - Joel Hanley is hit by Andreas Martinsen and loses puck.
4:12 of 2nd period - Slapshot by Zac Rinaldo.
4:12 of 2nd period - Shot Misses the Net.
4:51 of 2nd period - Snap shot by Nikita Soshnikov.
4:51 of 2nd period - Shot Misses the Net.
5:03 of 2nd period - Brett Lernout is hit by Joel Hanley and loses puck.
6:16 of 2nd period - Joel Hanley is hit by Anton Blidh and loses puck.
6:36 of 2nd period - Wrist shot by Michael Chaput.
6:36 of 2nd period - Stopped by Linus Ullmark with a rebound.
6:46 of 2nd period - Joel Hanley is hit by Markus Nutivaara and loses puck.
7:13 of 2nd period - Snap shot by Zac Rinaldo.
7:13 of 2nd period - Stopped by Andrew Hammond without a rebound.
7:14 of 2nd period - Michael Chaput wins face-off versus Zac Rinaldo in Rochester Americans zone.
7:14 of 2nd period - Michael Chaput is hit by Justin Auger.
7:39 of 2nd period - Markus Nutivaara is hit by Korbinian Holzer and loses puck.
7:43 of 2nd period - Icing by Philip Samuelsson.
7:44 of 2nd period - Vladislav Kamenev wins face-off versus Luke Kunin in Rochester Americans zone.
7:56 of 2nd period - Icing by Austin Carroll.
7:57 of 2nd period - Vladislav Kamenev wins face-off versus Luke Kunin in Rochester Americans zone.
8:00 of 2nd period - Snap shot by Nikita Soshnikov.
8:00 of 2nd period - Shot Misses the Net.
8:13 of 2nd period - Icing by Anton Blidh.
8:14 of 2nd period - Luke Kunin wins face-off versus Ben Holmstrom in Rochester Americans zone.
8:16 of 2nd period - Icing by Anton Blidh.
8:17 of 2nd period - Ben Holmstrom wins face-off versus Luke Kunin in Rochester Americans zone.
8:19 of 2nd period - Minor Penalty to Ben Holmstrom for Holding.
8:20 of 2nd period - Vladislav Kamenev wins face-off versus Andreas Martinsen in Las Vegas Wranglers zone.
8:53 of 2nd period - Off-side.
8:54 of 2nd period - Nikita Soshnikov wins face-off versus Michael Chaput in neutral zone.
9:11 of 2nd period - Snap shot by Peter Holland.
9:11 of 2nd period - Shot Misses the Net.
9:13 of 2nd period - Snap shot by Brock McGinn.
9:13 of 2nd period - Stopped by Linus Ullmark with a rebound.
9:45 of 2nd period - Slapshot by Michael Chaput.
9:45 of 2nd period - Shot Blocked by Zac Rinaldo.
9:47 of 2nd period - Snap shot by Seth Griffith.
9:47 of 2nd period - Shot Blocked by Korbinian Holzer.
9:49 of 2nd period - Wrist shot by Seth Griffith.
9:49 of 2nd period - Goal by Seth Griffith - Las Vegas Wranglers : 4 - Rochester Americans : 1.
9:50 of 2nd period - Peter Holland wins face-off versus Ben Holmstrom in neutral zone.
9:53 of 2nd period - Wrist shot by Andreas Martinsen.
9:53 of 2nd period - Shot Misses the Net.
10:15 of 2nd period - Steven Kampfer is hit by Matthew Ford and loses puck.
10:42 of 2nd period - Wrist shot by Seth Griffith.
10:42 of 2nd period - Shot Misses the Net.
10:44 of 2nd period - Wrist shot by Steven Kampfer.
10:44 of 2nd period - Stopped by Linus Ullmark with a rebound.
10:46 of 2nd period - Wrist shot by Seth Griffith.
10:46 of 2nd period - Stopped by Linus Ullmark without a rebound.
10:47 of 2nd period - Seth Griffith wins face-off versus Ben Holmstrom in Las Vegas Wranglers zone.
10:55 of 2nd period - Minor Penalty to Keaton Thompson for Boarding.
10:56 of 2nd period - Vladislav Kamenev wins face-off versus Brock McGinn in Rochester Americans zone.
10:57 of 2nd period - Snap shot by Jimmy Hayes.
10:57 of 2nd period - Stopped by Andrew Hammond with a rebound.
12:55 of 2nd period - Penalty to Keaton Thompson is over, Keaton Thompson is back on ice.
13:00 of 2nd period - Off-side.
13:01 of 2nd period - Ben Holmstrom wins face-off versus Luke Kunin in neutral zone.
13:45 of 2nd period - Philip Samuelsson is hit by Jimmy Hayes and loses puck.
14:16 of 2nd period - Snap shot by Anton Blidh.
14:16 of 2nd period - Shot Misses the Net.
14:22 of 2nd period - Snap shot by Anton Blidh.
14:22 of 2nd period - Deflect By Luke Kunin.
14:22 of 2nd period - Shot Blocked by Nikolay Goldobin.
14:22 of 2nd period - Puck is out of play.
14:23 of 2nd period - Michael Chaput wins face-off versus Vladislav Kamenev in Las Vegas Wranglers zone.
14:24 of 2nd period - Snap shot by Seth Griffith.
14:24 of 2nd period - Stopped by Linus Ullmark with a rebound.
14:26 of 2nd period - Snap shot by Tyler Bertuzzi.
14:26 of 2nd period - Shot Blocked by Vladislav Kamenev.
14:28 of 2nd period - Snap shot by Steven Kampfer.
14:28 of 2nd period - Deflect By Seth Griffith.
14:28 of 2nd period - Stopped by Linus Ullmark without a rebound.
14:29 of 2nd period - Vladislav Kamenev wins face-off versus Michael Chaput in Las Vegas Wranglers zone.
15:01 of 2nd period - Snap shot by Matthew Ford.
15:01 of 2nd period - Shot Blocked by Peter Holland.
15:03 of 2nd period - Wrist shot by Justin Auger.
15:03 of 2nd period - Shot Blocked by Brett Lernout.
15:05 of 2nd period - Snap shot by Carl Dahlstrom.
15:05 of 2nd period - Stopped by Andrew Hammond with a rebound.
16:22 of 2nd period - Justin Auger is hit by Austin Carroll and loses puck.
16:39 of 2nd period - Snap shot by Anton Blidh.
16:39 of 2nd period - Shot Misses the Net.
17:05 of 2nd period - Backhand shot by Jimmy Hayes.
17:05 of 2nd period - Stopped by Andrew Hammond with a rebound.
17:07 of 2nd period - Slapshot by Carl Dahlstrom.
17:07 of 2nd period - Stopped by Andrew Hammond with a rebound.
17:09 of 2nd period - Snap shot by Vladislav Kamenev.
17:09 of 2nd period - Shot Misses the Net.
17:24 of 2nd period - Snap shot by Andreas Martinsen.
17:24 of 2nd period - Goal by Andreas Martinsen - Las Vegas Wranglers : 4 - Rochester Americans : 2.
17:25 of 2nd period - Vladislav Kamenev wins face-off versus Michael Chaput in neutral zone.
17:50 of 2nd period - Steven Kampfer is hit by Joel Vermin and loses puck.
19:42 of 2nd period - Snap shot by Matthew Ford.
19:42 of 2nd period - Stopped by Andrew Hammond without a rebound.
19:43 of 2nd period - Vladislav Kamenev wins face-off versus Michael Chaput in Rochester Americans zone.
19:46 of 2nd period - Snap shot by Vladislav Kamenev.
19:46 of 2nd period - Stopped by Andrew Hammond without a rebound.
19:47 of 2nd period - Michael Chaput wins face-off versus Vladislav Kamenev in Rochester Americans zone.
19:54 of 2nd period - Wrist shot by Tyler Bertuzzi.
19:54 of 2nd period - Stopped by Linus Ullmark with a rebound.
19:56 of 2nd period - Snap shot by Tyler Bertuzzi.
19:56 of 2nd period - Shot Misses the Net.
19:58 of 2nd period - Snap shot by Michael Chaput.
19:58 of 2nd period - Stopped by Linus Ullmark with a rebound.
Goals for this period are 0 for Las Vegas Wranglers vs 2 for Rochester Americans.
Shots for this period are 8 for Las Vegas Wranglers vs 16 for Rochester Americans.

3rd period


0:01 of 3rd period - Vladislav Kamenev wins face-off versus Peter Holland in neutral zone.
0:14 of 3rd period - Slapshot by Jimmy Hayes.
0:14 of 3rd period - Deflect By Vladislav Kamenev.
0:14 of 3rd period - Shot Blocked by Steven Kampfer.
0:14 of 3rd period - Puck is out of play.
0:15 of 3rd period - Michael Chaput wins face-off versus Zac Rinaldo in Rochester Americans zone.
0:25 of 3rd period - Snap shot by Justin Auger.
0:25 of 3rd period - Stopped by Andrew Hammond without a rebound.
0:26 of 3rd period - Peter Holland wins face-off versus Vladislav Kamenev in Rochester Americans zone.
0:31 of 3rd period - Snap shot by Andreas Martinsen.
0:31 of 3rd period - Shot Misses the Net.
0:33 of 3rd period - Snap shot by Brock McGinn.
0:33 of 3rd period - Shot Blocked by Korbinian Holzer.
0:41 of 3rd period - Snap shot by Brock McGinn.
0:41 of 3rd period - Stopped by Linus Ullmark with a rebound.
0:55 of 3rd period - Seth Griffith is hit by Carl Dahlstrom and loses puck.
1:00 of 3rd period - Snap shot by Zac Rinaldo.
1:00 of 3rd period - Stopped by Andrew Hammond with a rebound.
1:02 of 3rd period - Slapshot by Carl Dahlstrom.
1:02 of 3rd period - Deflect By Markus Nutivaara.
1:02 of 3rd period - Goal by Carl Dahlstrom - Las Vegas Wranglers : 5 - Rochester Americans : 2.
1:03 of 3rd period - Andreas Martinsen wins face-off versus Vladislav Kamenev in neutral zone.
1:11 of 3rd period - Slapshot by Carl Dahlstrom.
1:11 of 3rd period - Stopped by Andrew Hammond without a rebound.
1:12 of 3rd period - Peter Holland wins face-off versus Vladislav Kamenev in Rochester Americans zone.
2:12 of 3rd period - Snap shot by Vladislav Kamenev.
2:12 of 3rd period - Stopped by Andrew Hammond with a rebound.
2:14 of 3rd period - Slapshot by Carl Dahlstrom.
2:14 of 3rd period - Stopped by Andrew Hammond with a rebound.
2:18 of 3rd period - Slapshot by Nikita Soshnikov.
2:18 of 3rd period - Shot Misses the Net.
2:20 of 3rd period - Slapshot by Carl Dahlstrom.
2:20 of 3rd period - Deflect By Vladislav Kamenev.
2:20 of 3rd period - Stopped by Andrew Hammond with a rebound.
2:22 of 3rd period - Wrist shot by Vladislav Kamenev.
2:22 of 3rd period - Deflect By Jimmy Hayes.
2:22 of 3rd period - Shot Blocked by Steven Kampfer.
2:22 of 3rd period - Puck is out of play.
2:23 of 3rd period - Michael Chaput wins face-off versus Zac Rinaldo in Rochester Americans zone.
2:57 of 3rd period - Snap shot by Nikolay Goldobin.
2:57 of 3rd period - Stopped by Andrew Hammond with a rebound.
2:59 of 3rd period - Backhand shot by Joel Hanley.
2:59 of 3rd period - Deflect By Joel Vermin.
2:59 of 3rd period - Shot Misses the Net.
2:59 of 3rd period - Puck is out of play.
3:00 of 3rd period - Zac Rinaldo wins face-off versus Michael Chaput in Rochester Americans zone.
3:03 of 3rd period - Wrist shot by Justin Auger.
3:03 of 3rd period - Shot Misses the Net.
3:05 of 3rd period - Slapshot by Peter Stoykewych.
3:05 of 3rd period - Deflect By Justin Auger.
3:05 of 3rd period - Shot Misses the Net.
3:05 of 3rd period - Puck is out of play.
3:06 of 3rd period - Michael Chaput wins face-off versus Zac Rinaldo in Rochester Americans zone.
3:13 of 3rd period - Wrist shot by Seth Griffith.
3:13 of 3rd period - Stopped by Linus Ullmark without a rebound.
3:14 of 3rd period - Peter Holland wins face-off versus Vladislav Kamenev in Las Vegas Wranglers zone.
3:49 of 3rd period - Snap shot by Michael Chaput.
3:49 of 3rd period - Stopped by Linus Ullmark with a rebound.
4:23 of 3rd period - Snap shot by Brock McGinn.
4:23 of 3rd period - Shot Blocked by Tage Thompson.
4:25 of 3rd period - Snap shot by Brock McGinn.
4:25 of 3rd period - Shot Misses the Net.
4:27 of 3rd period - Slapshot by Philip Samuelsson.
4:27 of 3rd period - Shot Misses the Net.
4:29 of 3rd period - Wrist shot by Adam Tambellini.
4:29 of 3rd period - Shot Misses the Net.
5:13 of 3rd period - Snap shot by Vladislav Kamenev.
5:13 of 3rd period - Stopped by Andrew Hammond with a rebound.
5:15 of 3rd period - Slapshot by Dillon Heatherington.
5:15 of 3rd period - Shot Misses the Net.
5:17 of 3rd period - Slapshot by Dillon Heatherington.
5:17 of 3rd period - Shot Misses the Net.
5:50 of 3rd period - Slapshot by Cody Bass.
5:50 of 3rd period - Stopped by Andrew Hammond without a rebound.
5:51 of 3rd period - Peter Holland wins face-off versus Cody Bass in Rochester Americans zone.
5:59 of 3rd period - Minor Penalty to Andreas Martinsen for Hooking.
6:00 of 3rd period - Vladislav Kamenev wins face-off versus Brock McGinn in Rochester Americans zone.
6:12 of 3rd period - Vladislav Kamenev is hit by Brock McGinn and loses puck.
6:25 of 3rd period - Peter Holland is hit by Justin Auger and loses puck.
7:59 of 3rd period - Penalty to Andreas Martinsen is over, Andreas Martinsen is back on ice.
8:34 of 3rd period - Tage Thompson is hit by Luke Kunin and loses puck.
9:03 of 3rd period - Cody Bass is hit by Seth Griffith and loses puck.
9:56 of 3rd period - Peter Holland is hit by Ben Holmstrom and loses puck.
10:27 of 3rd period - Seth Griffith is hit by Justin Auger and loses puck.
10:46 of 3rd period - Carl Dahlstrom is hit by Adam Tambellini and loses puck.
10:57 of 3rd period - Carl Dahlstrom is hit by Markus Nutivaara and loses puck.
12:10 of 3rd period - Seth Griffith is hit by Vladislav Kamenev and loses puck.
12:38 of 3rd period - Tim Bozon is hit by Korbinian Holzer and loses puck.
13:26 of 3rd period - Wrist shot by Seth Griffith.
13:26 of 3rd period - Stopped by Linus Ullmark with a rebound.
14:00 of 3rd period - Wrist shot by Joel Vermin.
14:00 of 3rd period - Shot Blocked by Peter Holland.
14:12 of 3rd period - Snap shot by Luke Kunin.
14:12 of 3rd period - Goal by Luke Kunin - Las Vegas Wranglers : 5 - Rochester Americans : 3.
14:13 of 3rd period - Peter Holland wins face-off versus Vladislav Kamenev in neutral zone.
14:16 of 3rd period - Jimmy Hayes is hit by Peter Holland and loses puck.
14:58 of 3rd period - Steven Kampfer is hit by Peter Stoykewych and loses puck.
15:14 of 3rd period - Wrist shot by Tage Thompson.
15:14 of 3rd period - Deflect By Cody Bass.
15:14 of 3rd period - Shot Misses the Net.
15:14 of 3rd period - Puck is out of play.
15:15 of 3rd period - Peter Holland wins face-off versus Cody Bass in Rochester Americans zone.
16:07 of 3rd period - Backhand shot by Luke Kunin.
16:07 of 3rd period - Stopped by Linus Ullmark without a rebound.
16:08 of 3rd period - Peter Holland wins face-off versus Vladislav Kamenev in Las Vegas Wranglers zone.
16:11 of 3rd period - Snap shot by Peter Holland.
16:11 of 3rd period - Shot Blocked by Vladislav Kamenev.
16:51 of 3rd period - Slapshot by Brock McGinn.
16:51 of 3rd period - Stopped by Linus Ullmark with a rebound.
16:53 of 3rd period - Slapshot by Steven Kampfer.
16:53 of 3rd period - Stopped by Linus Ullmark with a rebound.
16:55 of 3rd period - Slapshot by Steven Kampfer.
16:55 of 3rd period - Shot Misses the Net.
16:59 of 3rd period - Wrist shot by Brock McGinn.
16:59 of 3rd period - Stopped by Linus Ullmark with a rebound.
17:01 of 3rd period - Slapshot by Andreas Martinsen.
17:01 of 3rd period - Stopped by Linus Ullmark without a rebound.
17:02 of 3rd period - Vladislav Kamenev wins face-off versus Tyler Bertuzzi in Las Vegas Wranglers zone.
17:18 of 3rd period - Korbinian Holzer is hit by Markus Nutivaara and loses puck.
17:49 of 3rd period - Minor Penalty to Dominik Masin for Roughing.
17:50 of 3rd period - Vladislav Kamenev wins face-off versus Brock McGinn in Rochester Americans zone.
18:25 of 3rd period - Wrist shot by Zac Rinaldo.
18:25 of 3rd period - Deflect By Michael Chaput.
18:25 of 3rd period - Shot Hit the Post.
18:25 of 3rd period - Puck is out of play.
18:26 of 3rd period - Zac Rinaldo wins face-off versus Michael Chaput in Rochester Americans zone.
18:29 of 3rd period - Slapshot by Korbinian Holzer.
18:29 of 3rd period - Stopped by Andrew Hammond without a rebound.
18:30 of 3rd period - Brock McGinn wins face-off versus Vladislav Kamenev in Rochester Americans zone.
19:45 of 3rd period - Joel Hanley is hit by Philip Samuelsson and loses puck.
19:49 of 3rd period - Penalty to Dominik Masin is over, Dominik Masin is back on ice.
Goals for this period are 1 for Las Vegas Wranglers vs 1 for Rochester Americans.
Shots for this period are 11 for Las Vegas Wranglers vs 10 for Rochester Americans.